 Dungeon Crawl Stone Soup version 0.21-a0-426-g98080a9 (webtiles) character file.

6981 kae the Geomancer (level 11, -4/64 HPs)
             Began as a Gargoyle Earth Elementalist on Nov 5, 2017.
             Was a Follower of Vehumet.
             Slain by a six-headed hydra (6 damage)
             ... on level 1 of the Lair of Beasts.
             The game lasted 00:15:03 (12795 turns).

kae the Geomancer (Gargoyle Earth Elementalist)    Turns: 12795, Time: 00:15:03

Health: -4/64      AC: 12    Str: 13    XL:     11   Next: 8%
Magic:  25/37      EV: 13    Int: 18    God:    Vehumet [*.....]
Gold:   531        SH:  0    Dex: 10    Spells: 15/24 levels left

rFire    . . .     SeeInvis .   l - staff of power
rCold    . . .     Gourm    .   (no shield)
rNeg     + . .     Faith    .   c - +0 robe
rPois    ∞         Spirit   .   (no helmet)
rElec    +         Reflect  .   (no cloak)
rCorr    .         Harm     .   p - +1 pair of gloves
MR       .....                  (no boots)
Stlth    ++........             h - amulet of magic regeneration
HPRegen  0.20/turn              (no ring)
MPRegen  0.50/turn              (no ring)

@: no status effects
A: negative energy resistance 1, electricity resistance, unbreathing,
petrification resistance, rot immunity, AC +8
a: Renounce Religion


You were on level 1 of the Lair of Beasts.
You worshipped Vehumet.
Vehumet was aware of your devotion.
You were very hungry.

You visited 3 branches of the dungeon, and saw 10 of its levels.

You collected 531 gold pieces.

Inventory:

Hand Weapons
 f - a +0 club
 r - a +0 falchion of draining
Missiles
 b - 242 stones (quivered)
Armour
 c - a +0 robe (worn)
 p - a +1 pair of gloves (worn)
Magical Staves
 l - an uncursed staff of power (weapon)
Jewellery
 h - an amulet of magic regeneration (around neck)
 L - an uncursed ring of positive energy {unknown}
Wands
 g - a wand of disintegration (17/24)
 s - a wand of flame (11/48)
 v - a wand of random effects (26/48)
 B - a wand of digging (10/24)
 H - a wand of random effects (33/48)
 I - a wand of polymorph (7/24)
Scrolls
 j - 3 scrolls of teleportation
 n - a scroll of blinking
 t - a scroll of enchant weapon
 y - 3 scrolls of recharging
 C - a scroll of fear
 J - 2 scrolls of enchant armour
 K - a scroll of torment {unknown}
 M - a scroll of remove curse
Potions
 a - a potion of flight
 i - 4 potions of heal wounds
 k - 3 potions of curing
 m - 5 potions of lignification
 o - a potion of haste
 q - a potion of cancellation
 z - a potion of might {unknown}
 A - a potion of brilliance
 D - a potion of ambrosia
 E - a potion of berserk rage {unknown}
Books
 e - a book of Geomancy

   Spells                             Type                      Level
   a - Sandblast                      Earth                        1
   b - Passwall                       Transmutation/Earth          2
   c - Stone Arrow                    Conjuration/Earth            3
   d - Petrify                        Transmutation/Earth          4
   e - Lee's Rapid Deconstruction     Earth                        5
 u - a book of Minor Magic

   Spells                             Type                      Level
   a - Magic Dart                     Conjuration                  1
   b - Blink                          Translocation                2
   c - Call Imp                       Summoning                    2
   d - Slow                           Hexes                        2
   e - Conjure Flame                  Conjuration/Fire             3
   f - Mephitic Cloud                 Conjuration/Poison/Air       3
 x - a book of Conjurations

   Spells                             Type                      Level
   a - Magic Dart                     Conjuration                  1
   b - Searing Ray                    Conjuration                  2
   c - Dazzling Spray                 Conjuration/Hexes            3
   d - Fulminant Prism                Conjuration/Hexes            4
   e - Force Lance                    Conjuration/Translocation    4
   f - Iskenderun's Mystic Blast      Conjuration                  4
 G - a book of Flames

   Spells                             Type                      Level
   a - Flame Tongue                   Conjuration/Fire             1
   b - Throw Flame                    Conjuration/Fire             2
   c - Conjure Flame                  Conjuration/Fire             3
   d - Inner Flame                    Hexes/Fire                   3
   e - Sticky Flame                   Conjuration/Fire             4
   f - Fireball                       Conjuration/Fire             5
 N - a book of Callings

   Spells                             Type                      Level
   a - Summon Small Mammal            Summoning                    1
   b - Call Imp                       Summoning                    2
   c - Call Canine Familiar           Summoning                    3
   d - Summon Guardian Golem          Hexes/Summoning              3
   e - Summon Lightning Spire         Summoning/Air                4
   f - Summon Ice Beast               Ice/Summoning                4
Comestibles
 d - 5 bread rations
 w - 2 royal jellies
 F - 29 fruits


   Skills:
 + Level 5.5 Fighting
 + Level 4.8 Staves
 + Level 5.4 Armour
 + Level 4.5 Dodging
 - Level 2.1 Stealth
 * Level 7.4 Spellcasting
 * Level 7.9 Conjurations
   Level 0.7 Transmutations
 * Level 9.8 Earth Magic


You had 15 spell levels left.
You knew the following spells:

 Your Spells              Type           Power        Failure   Level  Hunger
a - Sandblast             Erth           #####.       1%          1    None
b - Stone Arrow           Conj/Erth      #####.       1%          3    #......
c - Lee's Rapid Deconstr  Erth           #####.....   4%          5    #####..


Dungeon Overview and Level Annotations

Branches:
Dungeon (8/15)             Temple (1/1) D:7            Lair (1/6) D:8

Altars:
Ashenzari
Cheibriados
Dithmenos
Elyvilon
Fedhas
Gozag
Hepliaklqana
Kikubaaqudgha
Makhleb
Nemelex Xobeh
Okawaru
Qazlal
Ru
Sif Muna
Trog
Uskayaw
Vehumet
Wu Jian
Xom
Yredelemnul
Zin
The Shining One

Shops:
D:5 }   D:6 (   D:7 *


Innate Abilities, Weirdness & Mutations

You are resistant to torment.
Your stone body is resilient. (AC +8)
You are immune to poison.
You resist negative energy. (rN+)
You are resistant to electric shocks. (rElec)
You can survive without breathing.
You are immune to petrification.
You are immune to rotting.


Message History

The stone arrow hits the six-headed hydra.
The six-headed hydra is severely wounded.
You are feeling very hungry.
The six-headed hydra bites you! x2
* * * LOW HITPOINT WARNING * * *
The six-headed hydra bites you but does no damage. x2
The six-headed hydra closely misses you. x2
Casting: Stone Arrow
Confirm with . or Enter, or press ? or * to list all spells.
Aiming: Sandblast
Press: ? - help, Shift-Dir - straight line, f/p - six-headed hydra
Aim: a six-headed hydra (severely wounded)
The blast of sand hits the six-headed hydra.
The six-headed hydra is almost dead.
b - 242 stones The six-headed hydra bites you!
* * * LOW HITPOINT WARNING * * *
The six-headed hydra closely misses you. x2
The six-headed hydra bites you.
You die...

#.#####.#.## #.#
##.# #.#
###.########.#
#.# # ##.#
#...........#
#.## # #..#
####.P#######.###
#..# #
##.####....P#
##.#.###.##
#..........##
#........# #
#..#######[#
##.###P#.# # ##.#
##.########.#
###.# # #.#
#P....D@....#
#..# #.##
###.######.#.#
##.# #..####...P#
###.# #P.#
##.........## #.#
##.#
##..#######.# #.#
#.## ....# #.#
##.#####..# ##P.#
#.# #P.......##
##.# #.#
##.##.##.#
#.#######.##
##.#####.#


You could see a six-headed hydra.

Vanquished Creatures
  Pikel (D:6)
  A cyclops (D:8)
  A black mamba (Lair:1)
  2 spiny frogs (Lair:1)
  4 hippogriffs
  Sigmund (D:6)
  A wyvern (D:8)
  Eustachio (D:4)
  2 hungry ghosts (D:8)
  Edmund (D:4)
  Menkaure (D:6)
  3 water moccasins
  2 ice beasts
  2 orc warriors
  A black bear (Lair:1)
  6 ogres
  2 phantoms
  4 centaurs
  A crocodile (Lair:1)
  A big kobold (D:8)
  5 bullfrogs
  2 scorpions (D:8)
  2 vampire bats (D:6)
  4 wights (D:4)
  A howler monkey (D:6)
  4 crimson imps
  4 jellies
  2 hounds (D:8)
  3 orc priests
  2 bullfrog skeletons
  An iguana (D:8)
  Natasha (thrice) (D:2)
  6 orc wizards
  2 worker ants
  3 hound skeletons
  A howler monkey zombie (D:5)
  A worker ant zombie (D:8)
  Robin (D:4)
  3 gnolls (D:2)
  A howler monkey skeleton (D:4)
  7 adders
  2 shadow imps
  7 oozes (D:4)
  An adder zombie (D:5)
  4 worms
  2 dart slugs
  2 leopard geckos
  24 orcs
  4 giant cockroaches
  12 goblins
  8 hobgoblins
  2 jackals
  11 kobolds
  4 quokkas
  3 ball pythons
  12 bats
  4 frilled lizards
  A jackal skeleton (D:4)
  A leopard gecko skeleton (D:4)
  7 rats
207 creatures vanquished.

Vanquished Creatures (others)
  A slave (D:6)
  A scorpion (D:6)
  An orc priest (D:6)
  A worker ant (D:6)
  A bat (D:6)
  A fungus (D:4)
  11 toadstools (D:4)
17 creatures vanquished.

Grand Total: 224 creatures vanquished

Notes
Turn   | Place    | Note
-------+----------+-------------------------------------------
     0 | D:1      | kae the Gargoyle Earth Elementalist began the quest for the Orb.
     0 | D:1      | Reached XP level 1. HP: 10/10 MP: 3/3
   328 | D:1      | Reached XP level 2. HP: 12/15 MP: 5/5
   419 | D:1      | Reached skill level 4 in Earth Magic
  1311 | D:2      | Reached XP level 3. HP: 14/19 MP: 6/6
  1397 | D:2      | Learned a level 3 spell: Stone Arrow
  1892 | D:2      | Reached XP level 4. HP: 8/24 MP: 0/8
  1910 | D:2      | HP: 1/24 [worm (6)]
  1911 | D:2      | Reached skill level 1 in Conjurations
  2240 | D:2      | Noticed Natasha
  2246 | D:2      | Killed Natasha
  2417 | D:2      | Noticed Natasha
  2423 | D:2      | Killed Natasha
  2423 | D:2      | Reached skill level 1 in Armour
  2423 | D:2      | Reached XP level 5. HP: 9/28 MP: 3/9
  2791 | D:2      | Noticed Natasha
  2797 | D:2      | Killed Natasha
  2797 | D:2      | Reached skill level 1 in Fighting
  2976 | D:3      | Reached skill level 5 in Earth Magic
  3204 | D:3      | Found a faded altar of an unknown god.
  4034 | D:3      | Reached XP level 6. HP: 31/35 MP: 2/11
  4224 | D:3      | Found a glowing silver altar of Zin.
  4455 | D:4      | Noticed Robin
  4645 | D:4      | Killed Robin
  4697 | D:4      | Found an ornate altar of the Wu Jian Council.
  5041 | D:4      | Noticed Eustachio
  5361 | D:4      | Reached XP level 7. HP: 29/40 MP: 12/12
  5449 | D:4      | Found a shadowy altar of Dithmenos.
  5512 | D:4      | Found an ancient bone altar of Kikubaaqudgha.
  5576 | D:4      | Reached skill level 1 in Staves
  5770 | D:4      | Noticed Edmund
  5787 | D:4      | Killed Edmund
  5787 | D:4      | Reached skill level 6 in Earth Magic
  5985 | D:4      | Found a burning altar of Makhleb.
  5988 | D:4      | Noticed a balrug
  6128 | D:4      | Killed Eustachio
  6128 | D:4      | Reached XP level 8. HP: 38/45 MP: 14/14
  6149 | D:5      | Entered Level 5 of the Dungeon
  6598 | D:5      | Found a shadowy altar of Dithmenos.
  6711 | D:5      | Found Nur Xoep's Gadget Shop.
  7018 | D:5      | Found a glowing golden altar of the Shining One.
  7218 | D:6      | Noticed Sigmund
  7225 | D:6      | Noticed Menkaure
  7315 | D:6      | Noticed Pikel
  7327 | D:6      | Killed Pikel
  7327 | D:6      | Reached skill level 5 in Spellcasting
  7327 | D:6      | Reached skill level 5 in Conjurations
  7327 | D:6      | Reached skill level 7 in Earth Magic
  7327 | D:6      | Reached XP level 9. HP: 28/51 MP: 6/16
  7374 | D:6      | Killed Sigmund
  7615 | D:6      | Killed Menkaure
  7723 | D:6      | Found Qoej's Weapon Shop.
  7934 | D:6      | Found a bloodstained altar of Trog.
  8397 | D:7      | Found a shattered altar of Ashenzari.
  8441 | D:7      | Reached skill level 8 in Earth Magic
  8852 | D:7      | Found Poovys's Elemental Accessories.
  9244 | D:7      | Found a staircase to the Ecumenical Temple.
  9267 | D:7      | Reached XP level 10. HP: 52/58 MP: 19/19
  9288 | Temple   | Entered the Ecumenical Temple
  9546 | Temple   | Became a worshipper of Vehumet
  9925 | D:8      | Found a staircase to the Lair.
 10090 | D:8      | Learned a level 5 spell: Lee's Rapid Deconstruction
 10266 | D:8      | Found a basalt altar of Yredelemnul.
 10729 | D:8      | Reached skill level 9 in Earth Magic
 11103 | D:8      | Found a white marble altar of Elyvilon.
 11161 | D:8      | Noticed a cyclops
 11168 | D:8      | HP: 1/58 [cyclops (30)]
 11170 | D:8      | Killed a cyclops
 11170 | D:8      | Reached skill level 5 in Fighting
 11591 | Lair:1   | Entered Level 1 of the Lair of Beasts
 11610 | Lair:1   | Noticed a spiny frog
 11619 | Lair:1   | Killed a spiny frog
 11619 | Lair:1   | Reached * piety under Vehumet
 11619 | Lair:1   | Offered knowledge of Freeze by Vehumet.
 11619 | Lair:1   | Reached skill level 5 in Armour
 12136 | Lair:1   | Noticed a black mamba
 12139 | Lair:1   | Killed a black mamba
 12276 | Lair:1   | Reached XP level 11. HP: 64/64 MP: 21/21
 12787 | Lair:1   | Noticed a six-headed hydra
 12795 | Lair:1   | HP: 2/64 [six-headed hydra (13)]
 12795 | Lair:1   | Slain by a six-headed hydra

Vault maps used:
D:1:      zaba_arrival_water, minmay_surrounded
D:2:      wad_lake_hut, uniq_natasha
D:3:      zin_scriptorium, chequers_ecumenical_altar_grove
D:4:      cheibrodos_fertilizer, makhleb_altar_promises_db,
          kennysheep_mini_moat, old_standard_altar, portal_sewer_entry_e,
          fountainhead, nicolae_dithmenos_shadow_blocks, uniq_edmund,
          uniq_robin, uniq_eustachio
D:5:      tso_oasis_becter, serial_shops, shop, first_bread, basic_altar
D:6:      nicolae_overflow_crystal_walls, serial_shops, shop, roderic_batcave,
          uniq_sigmund, uniq_pikel, uniq_menkaure
D:7:      ashenzari_conservatory_becter, minmay_temple_entry_enclosed_plants,
          nicolae_elemental_shop
D:8:      elyvilon_altar_1, dpeg_oklobed_lair, blue_anna_alchemist,
          yredelemnul_altar_generic
Temple:   oiseaux_autumnal_temple

Skill      XL: |  1  2  3  4  5  6  7  8  9 10 |
---------------+-------------------------------+-----
Earth Magic    | 4 5 6 7 8 9 |  9.8
Conjurations   | 1 2 3 5 6 7 |  7.9
Spellcasting   | 3 4 5 6 7 |  7.4
Armour         | 1 2 3 4 5 |  5.4
Fighting       | 1 2 3 4 5 |  5.5
Dodging        | 2 3 4 |  4.5
Staves         | 1 2 3 4 |  4.8
Stealth        | |  2.1
Transmutations | |  0.7

Action                   |  1- 3 |  4- 6 |  7- 9 | 10-12 || total
-------------------------+-------+-------+-------+-------++-------
Melee: Unarmed           |    27 |       |       |       ||    27
       Club              |    90 |    92 |       |       ||   182
       Falchion          |       |    59 |       |       ||    59
       Staff             |       |    95 |   162 |   110 ||   367
 Cast: Sandblast         |    17 |    24 |    43 |     1 ||    85
       Stone Arrow       |       |    30 |   102 |   119 ||   251
Evoke: Wand              |       |    18 |       |       ||    18
  Use: Scroll            |     1 |    11 |     2 |     4 ||    18
       Potion            |       |       |     1 |       ||     1
 Stab: Sleeping          |     1 |     7 |     4 |       ||    12
  Eat: Chunk             |     3 |    11 |    12 |    13 ||    39
       Royal jelly       |       |     1 |       |       ||     1
       Meat ration       |       |     1 |       |       ||     1
       Bread ration      |       |       |     1 |       ||     1
Armor: Robe              |    58 |   115 |   123 |    63 ||   359
Dodge: Dodged            |   118 |   193 |   227 |    68 ||   606
       Rpst.: Falchion   |       |    12 |       |       ||    12

Table legend:
 A = Spawn XP
 B = Non-spawn XP
 C = Spawn XP percentage of total XP
 D = Spawn monster count
 E = Non-spawn monster count
 F = Spawn count percentage of total count
 G = Total turns spent on level
                    A         B        C        D         E        F      G
               +---------+---------+-------+---------+---------+-------+---------
         Total |       0 |    9974 |   0.0 |       0 |     207 |   0.0 | 12795
               +---------+---------+-------+---------+---------+-------+---------
           D:1 |       0 |      20 |   0.0 |       0 |      13 |   0.0 |   965
           D:2 |       0 |     193 |   0.0 |       0 |      23 |   0.0 |  2046
           D:3 |       0 |     145 |   0.0 |       0 |      16 |   0.0 |  1346
           D:4 |       0 |     958 |   0.0 |       0 |      50 |   0.0 |  1937
           D:5 |       0 |     156 |   0.0 |       0 |      11 |   0.0 |  1264
           D:6 |       0 |    1783 |   0.0 |       0 |      24 |   0.0 |   715
           D:7 |       0 |    1664 |   0.0 |       0 |      25 |   0.0 |  1311
           D:8 |       0 |    2408 |   0.0 |       0 |      34 |   0.0 |  1725
        Lair:1 |       0 |    2647 |   0.0 |       0 |      11 |   0.0 |  1204
               +---------+---------+-------+---------+---------+-------+---------
